 Dungeon Crawl Stone Soup version 0.28.0-53-g5a82cb258f (webtiles) character file.

Game seed: 14041020736747680971

190 enile the Ducker (level 5, -4/45 HPs)
             Began as a Demigod Transmuter on June 4, 2022.
             Slain by Duvessa
             ... wielding a +0 rapier
              (10 damage)
             ... on level 4 of the Dungeon.
             The game lasted 00:05:44 (4029 turns).

enile the Ducker (Demigod Transmuter)               Turns: 4029, Time: 00:05:44

Health: -4/45      AC:  5    Str: 15    XL:     5   Next: 17%
Magic:  10/10      EV: 13    Int: 15    God:
Gold:   130        SH:  0    Dex: 14    Spells: 6/7 levels left

rFire   . . .      SeeInvis .   i - +2 dagger (venom)
rCold   . . .      Faith    .   (no shield)
rNeg    . . .      Spirit   .   a - +0 robe
rPois   .          Reflect  .   (no helmet)
rElec   .          Harm     .   (no cloak)
rCorr   .          Rampage  .   (no gloves)
Will    .....                   k - +2 pair of boots
Stlth   +.........              (no amulet)
HPRegen 0.15/turn               (no ring)
MPRegen 0.12/turn               (no ring)

@: confused, about to teleport, ambrosia-drunk
A: high MP 1, forlorn, divine attributes
a: no special abilities


You were on level 4 of the Dungeon.
You visited 1 branch of the dungeon, and saw 4 of its levels.

You collected 156 gold pieces.
You spent 26 gold pieces at shops.

Inventory:

Hand Weapons
 f - a +0 short sword
 i - a +2 dagger of venom (weapon)
Missiles
 e - an atropa-tipped dart
Armour
 a - a +0 robe (worn)
 k - a +2 pair of boots (worn)
Wands
 g - a wand of polymorph (3)
 o - a wand of digging (1)
Scrolls
 h - a scroll of fear (quivered)
 j - a scroll of amnesia
 n - 2 scrolls of fog
Potions
 c - a potion of mutation {unknown}
 d - a potion of heal wounds {unknown}
 m - a potion of magic {unknown}


   Skills:
 - Level 3.0 Fighting
 - Level 2.0 Short Blades
 - Level 3.0 Dodging
 + Level 1.6 Stealth
 - Level 2.6 Unarmed Combat
 - Level 1.7 Spellcasting
 - Level 2.0 Transmutations


You had 6 spell levels left.
You knew the following spells:

 Your Spells              Type           Power      Damage    Failure   Level
a - Beastly Appendage     Tmut           14%        N/A       10%         1

Your spell library contained the following spells:

 Spells                   Type           Power      Damage    Failure   Level
 Wereblood                Tmut           7%         N/A       16%         2
 Spider Form              Tmut/Pois      4%         N/A       41%         3
 Ice Form                 Ice/Tmut       4%         N/A       83%         4


Dungeon Overview and Level Annotations

Branches:
Dungeon (4/15)
 Temple: D:4-7

Shops:
D:1 *

Annotations:
D:4 Duvessa


Innate Abilities, Weirdness & Mutations

You have an increased reservoir of magic. (+10% MP)
You shall have no god before yourself.
Your divine heritage dramatically boosts your attributes as you level up.


Message History

Duvessa seems less confused.
Duvessa rages.
Duvessa barely misses you.
Okay, then.
As you read the scroll of teleportation, it crumbles to dust.
You feel strangely unstable.
Duvessa is no longer blind.
Duvessa hits you with a +0 rapier!
* * * LOW HITPOINT WARNING * * *
Duvessa closely misses you.
Okay, then.
Okay, then.
You can't see any enemies this would affect, really read the scroll of fear?
Okay, then.
You aren't wearing any rings or amulets.
Okay, then.
Aiming: Polymorph
Press: ? - help, Shift-Dir - straight line, f/p - Duvessa
Aim: Duvessa, wielding a +0 rapier and wearing a +0 leather armour (berserk, will become a howler monkey, an endoplasm, or a steam dragon, chance to affect: 31%)
Okay, then.
Okay, then.
Sorry, you're not good enough to have a special ability.
Press: ? - help, v - describe, . - travel
Here: Duvessa, wielding a +0 rapier and wearing a +0 leather armour (berserk)
The floor.
Sorry, you're not good enough to have a special ability.
Casting: Beastly Appendage (safe; 10% risk of failure)
Confirm with . or Enter, or press ? or * to list all spells.
Okay, then.
Okay, then.
Aiming: Polymorph
Press: ? - help, Shift-Dir - straight line, f/p - Duvessa
Aim: Duvessa, wielding a +0 rapier and wearing a +0 leather armour (berserk, will become a howler monkey, an endoplasm, or a steam dragon, chance to affect: 31%)
Okay, then.
Unknown command.
Casting: Beastly Appendage (safe; 10% risk of failure)
Confirm with . or Enter, or press ? or * to list all spells.
Okay, then.
You are confused.
You feel invigorated. Duvessa hits you with a +0 rapier!
You die...

######### ###
|.......### #..
.###.>....# #.#
#)##.#.# #.# #
#..#.#.####.#### .#
#.....(...(....##.#
..........####.......#
.....(..### ###e..###
#####.### ##.@...##
#.# #.......# #.#
##....)## ##+##
##....# ####...##
##.#.# ..#.....##
#####.# #........##
##.###.#
#.........####...##.#
+.........+.......#.#


You could see Duvessa (berserk).

Vanquished Creatures
  Dowan (D:4)
  A hound (D:4)
  3 adders
  A worm (D:3)
  4 dart slugs
  An orc (D:3)
  2 bats
  9 endoplasms
  3 giant cockroaches (D:1)
  4 goblins
  3 hobgoblins
  3 jackals (D:2)
  10 kobolds
  6 quokkas
  11 ball pythons
  A frilled lizard (D:3)
  6 rats
69 creatures vanquished.

Notes
Turn   | Place    | Note
-------+----------+-------------------------------------------
     0 | D:1      | enile the Demigod Transmuter began the quest for the Orb.
     0 | D:1      | Reached XP level 1. HP: 15/15 MP: 5/5
    84 | D:1      | Reached skill level 1 in Fighting
   439 | D:1      | Reached XP level 2. HP: 16/24 MP: 4/7
   439 | D:1      | Found Tywkuit's Assorted Antiques.
   689 | D:1      | Bought a scroll labelled IPTITYMALU for 26 gold pieces
  1638 | D:2      | Reached XP level 3. HP: 6/29 MP: 6/8
  3061 | D:3      | Reached skill level 1 in Short Blades
  3288 | D:3      | Reached XP level 4. HP: 32/36 MP: 9/9
  3989 | D:4      | Noticed Dowan
  4010 | D:4      | Killed Dowan
  4011 | D:4      | Reached skill level 1 in Stealth
  4011 | D:4      | Reached XP level 5. HP: 44/45 MP: 10/10
  4016 | D:4      | Noticed Duvessa
  4028 | D:4      | HP: 1/45 [Duvessa/+0 rapier (16)]
  4029 | D:4      | Slain by Duvessa

Illustrated notes

Levels and vault maps discovered:
D:1:      eino_arrival_cavern_b, layout_rooms,
          chequers_ecumenical_altar_simple_redux, serial_shops,
          nicolae_shop_advertising_works [nicolae_subvault_shop_adworks]
D:2:      layout_loops_ring
D:3:      layout_basic, mainiacjoe_overflow_boulevard,
          nemelex_diamond_rough_becter, chequers_serial_rivers_micro_e
D:4:      layout_loops_corners, pdpol_temple_overflow_zin_treasury_gozag_greed,
          minmay_temple_entry_offerings, gammafunk_ghost_split,
          corexii_item_surrounded_by_moat, uniq_duvessa

Skill      XL: |  1  2  3  4 |
---------------+-------------+-----
Transmutations | 2 |  2.0
Fighting       | 1 2 3 |  3.0
Dodging        | 2 3 |  3.0
Short Blades   | 1 2 |  2.0
Stealth        | 1 |  1.6
Unarmed Combat | |  2.6
Spellcasting   | |  1.7

Action                   |  1- 3 |  4- 6 || total
-------------------------+-------+-------++-------
Melee: Unarmed           |    28 |       ||    28
       Kick              |    14 |       ||    14
       Headbutt          |     2 |       ||     2
       Short sword       |    65 |       ||    65
       Punch             |     3 |     1 ||     4
       Dagger            |    70 |    47 ||   117
Throw: Dart              |       |     3 ||     3
 Cast: Beastly Appendage |    15 |       ||    15
  Use: Scroll            |     1 |     5 ||     6
       Potion            |       |     1 ||     1
 Stab: Sleeping          |     4 |     1 ||     5
Armor: Robe              |    28 |    13 ||    41
Dodge: Dodged            |   100 |    24 ||   124
